 Dungeon Crawl Stone Soup version 0.21-a0-110-g8e1637b (webtiles) character file.

5442 Lavandula the Magician (level 10, -9/65 HPs)
             Began as a Mummy Arcane Marksman on July 7, 2017.
             Was a Follower of Kikubaaqudgha.
             Mangled by an orc warrior
             ... wielding a +0 halberd
              (11 damage)
             ... in a bailey.
             The game lasted 00:48:00 (7277 turns).

Lavandula the Magician (Mummy Arcane Marksman)      Turns: 7277, Time: 00:48:00

Health: -9/65      AC:  6    Str: 13    XL:     10   Next: 41%
Magic:  0/21       EV: 13    Int: 14    God:    Kikubaaqudgha [*.....]
Gold:   47         SH:  0    Dex: 15    Spells: 6/24 levels left

rFire    x . .     SeeInvis +   o - +7 whip of Indomitability {flame, SInv}
rCold    + . .     Gourm    .   (no shield)
rNeg     + + +     Faith    .   u - +0 troll leather armour
rPois    ∞         Spirit   +   (no helmet)
rElec    .         Reflect  .   (no cloak)
rCorr    .         Harm     .   (no gloves)
MR       +....                  r - +1 pair of boots
Stlth    +.........             t - amulet of guardian spirit
HPRegen  0.60/turn              (no ring)
MPRegen  0.17/turn              (no ring)

@: no status effects
A: no food or potions, fire vulnerability, cold resistance 1, negative energy
resistance 3, torment resistance, unbreathing
a: Receive Corpses, Renounce Religion


You were in a bailey.
You worshipped Kikubaaqudgha.
Kikubaaqudgha was aware of your devotion.
You were not hungry.

You visited 2 branches of the dungeon, and saw 10 of its levels.
You also visited: Bailey.

You collected 431 gold pieces.
You spent 384 gold pieces at shops.

Inventory:

Hand Weapons
 a - a +0 hand crossbow
 i - a +2 falchion of protection
 j - a +0 quarterstaff
 m - a +2 hand axe
 n - a +0 dagger
 o - the +7 whip of Indomitability (weapon) {flame, SInv}
   (You found it on level 6 of the Dungeon)

   It has been specially enchanted to burn those struck by it, causing extra
   injury to most foes and up to half again as much damage against particularly
   susceptible opponents.
   It lets you see invisible.
 x - a +0 arbalest
 z - a +4 long sword of protection
Missiles
 d - 66 bolts
 h - 5 javelins (quivered)
Armour
 b - the +1 ring mail "Oleasex" {+Blink}
   (You bought it in a shop on level 5 of the Dungeon)

   It lets you blink.
 r - a +1 pair of boots (worn)
 u - a +0 troll leather armour (worn)
Jewellery
 t - an amulet of guardian spirit (around neck)
Wands
 e - a wand of random effects (35/48)
 w - a wand of flame (21/48)
Scrolls
 f - 3 scrolls of fog
 g - 2 scrolls of remove curse
 k - 3 scrolls of enchant weapon
 l - a scroll of identify
 q - a scroll of amnesia
Books
 c - a book of Debilitation

   Spells                             Type                      Level
   a - Corona                         Hexes                        1
   b - Slow                           Hexes                        2
   c - Inner Flame                    Hexes/Fire                   3
   d - Portal Projectile              Hexes/Translocation          3
   e - Cause Fear                     Hexes                        4
   f - Leda's Liquefaction            Hexes/Earth                  4
 v - Kikubaaqudgha's Grimoire of Black Rituals
   (Kikubaaqudgha gifted it to you on level 7 of the Dungeon)

   Spells                             Type                      Level
   a - Animate Skeleton               Necromancy                   1
   b - Pain                           Necromancy                   1
   c - Corpse Rot                     Necromancy                   2
   d - Vampiric Draining              Necromancy                   3
   e - Control Undead                 Necromancy                   4


   Skills:
 - Level 1.0 Fighting
 - Level 7.0 Maces & Flails
 - Level 1.0(4.4) Staves
 - Level 5.2 Crossbows
 - Level 3.4 Armour
 - Level 3.1 Dodging
 - Level 7.7 Spellcasting
 - Level 2.6 Hexes
 - Level 7.6 Necromancy
 + Level 0.8 Evocations


You had 6 spell levels left.
You knew the following spells:

 Your Spells              Type           Power        Failure   Level  Hunger
a - Corona                Hex            ##.....      5%          1    N/A
b - Slow                  Hex            ##......     9%          2    N/A
c - Cause Fear            Hex            ##........   47%         4    N/A
d - Animate Skeleton      Necr           N/A          1%          1    N/A
e - Vampiric Draining     Necr           ####......   1%          3    N/A
f - Corpse Rot            Necr           N/A          1%          2    N/A
g - Control Undead        Necr           ####......   7%          4    N/A
h - Pain                  Necr           ####         1%          1    N/A

Dungeon Overview and Level Annotations

Branches:
Dungeon (9/15)             Temple (1/1) D:5
   Lair: D:8-11         Orc: D:9-12

Altars:
Ashenzari
Cheibriados
Dithmenos
Elyvilon
Fedhas
Gozag
Hepliaklqana
Kikubaaqudgha
Makhleb
Nemelex Xobeh
Okawaru
Qazlal
Ru
Sif Muna
Trog
Uskayaw
Wu Jian
Xom
Zin
The Shining One

Shops:
D:5 [   D:7 %   D:9 *

Annotations:
D:3 Natasha, Sigmund
D:4 exclusion: upstairs
D:9 exclusion: hornet, Grum Bailey Murumi's ghost, journeyman GrFi


Innate Abilities, Weirdness & Mutations

You do not eat or drink.
Your flesh is vulnerable to fire.
You are immune to poison.
Your flesh is cold resistant. (rC+)
You are immune to negative energy. (rN+++)
You are immune to unholy pain and torment.
You can survive without breathing.


Message History

Evoke which item? (* to show all) (? for menu, Esc to quit)
Aiming: Random Effects (will waste charges)
Press: ? - help, Shift-Dir - straight line, f/p - orc warrior
Aim: an orc warrior, wielding a halberd and wearing a chain mail (moderately wounded)
The orc warrior resists with significant effort.
Evoking this partially-identified wand wasted a few charges.
The orc warrior hits you from afar with a spear!
* * * LOW HITPOINT WARNING * * *
The orc warrior barely misses you.
Unknown command.
Evoke which item? (* to show all) (? for menu, Esc to quit)
Aiming: Random Effects (will waste charges)
Press: ? - help, Shift-Dir - straight line, f/p - orc warrior
Aim: an orc warrior, wielding a halberd and wearing a chain mail (moderately wounded)
The orc warrior resists with significant effort.
Evoking this partially-identified wand wasted a few charges.
The orc misses you. The orc warrior closely misses you.
The orc warrior hits you with a halberd!
You die...
Kikubaaqudgha rasps: "You have failed me!
Welcome... oblivion!"

## ########### ∩####
##.........## #∩..####
##..≈≈≈≈≈≈≈..##
####...##...≈≈.o@.o≈≈..##
#######.##..≈..###oo≈≈..#########
.....)...##... ##..≈≈..........
.≈≈≈≈≈≈≈##### ##..≈≈≈≈≈≈≈≈≈≈.
.≈).##### ##.....)....≈. .≈.#####
##+#############.≈. .≈.##.$$
........##.....##.≈. .≈.)##
≈≈≈≈§≈≈§.#'...##.o≈. .≈≈..##
≈.....§≈..##.##..≈≈.


You could see 2 orc warriors and 2 orcs.

Vanquished Creatures
  3 two-headed ogres (D:8)
  Grinder (D:3)
  A wyvern (D:8)
  Menkaure (D:6)
  4 sky beasts
  An ice beast (D:8)
  A wolf (D:8)
  3 black bears
  4 centaurs
  A big kobold (D:9)
  A gnoll sergeant (D:7)
  A bullfrog (D:8)
  A water moccasin zombie (D:9)
  4 scorpions
  6 killer bees (D:9)
  3 howler monkeys
  3 wights (D:6)
  4 crimson imps
  4 hounds
  2 jellies
  4 orc priests
  3 orc wizards
  2 bullfrog skeletons
  An iguana (D:9)
  5 worker ants
  2 hound zombies
  A hound skeleton (D:9)
  10 adders
  10 gnolls
  3 shadow imps
  A white imp (D:6)
  An adder zombie (D:5)
  2 oozes
  An adder skeleton (D:7)
  A worm (D:5)
  3 dart slugs
  3 leopard geckos
  15 orcs
  5 giant cockroaches
  5 goblins
  4 hobgoblins
  8 jackals
  7 kobolds
  3 quokkas
  A ball python zombie (D:5)
  4 bats
  5 frilled lizards
  A goblin zombie (D:6)
  A hobgoblin zombie (D:6)
  2 kobold zombies (D:6)
  2 leopard gecko skeletons
  7 rats
172 creatures vanquished.

Notes
Turn   | Place    | Note
-------+----------+-------------------------------------------
     0 | D:1      | Lavandula the Mummy Arcane Marksman began the quest for the Orb.
     0 | D:1      | Reached XP level 1. HP: 15/15 MP: 2/2
   162 | D:2      | Reached XP level 2. HP: 14/21 MP: 0/4
   168 | D:2      | Learned a level 2 spell: Slow
   597 | D:2      | Reached XP level 3. HP: 8/26 MP: 3/5
   950 | D:3      | Noticed Natasha
  1035 | D:3      | Noticed Grinder
  1054 | D:3      | Reached XP level 4. HP: 29/32 MP: 6/6
  1077 | D:3      | Reached skill level 1 in Staves
  1122 | D:3      | Found a sparkling altar of Nemelex Xobeh.
  1133 | D:3      | Found a shattered altar of Ashenzari.
  1233 | D:3      | Noticed Sigmund
  1301 | D:3      | Paralysed by Grinder for 3 turns
  1307 | D:3      | Paralysed by Grinder for 4 turns
  1322 | D:3      | Paralysed by Grinder for 2 turns
  1324 | D:3      | Killed Grinder
  1324 | D:3      | Reached skill level 5 in Crossbows
  1324 | D:3      | Reached XP level 5. HP: 13/37 MP: 4/7
  1324 | D:3      | Reached XP level 6. HP: 15/43 MP: 4/8
  1620 | D:5      | Entered Level 5 of the Dungeon
  2241 | D:5      | Noticed a sky beast
  2543 | D:6      | Found a burning altar of Makhleb.
  2548 | D:6      | Got a crude whip
  2549 | D:6      | Identified the +7 whip of Indomitability {flame, SInv} (You found it on level 6 of the Dungeon)
  2667 | D:6      | Found a glowing golden altar of the Shining One.
  2968 | D:7      | Reached skill level 1 in Maces & Flails
  2975 | D:7      | Learned a level 4 spell: Cause Fear
  3379 | D:6      | Noticed Menkaure
  3389 | D:6      | Killed Menkaure
  3389 | D:6      | Reached XP level 7. HP: 38/48 MP: 2/9
  3414 | D:6      | Found a glowing golden altar of the Shining One.
  3429 | D:6      | Found a snail-covered altar of Cheibriados.
  3436 | D:6      | Found a glowing silver altar of Zin.
  3437 | D:6      | Found an iron altar of Okawaru.
  3850 | D:5      | Found Koug's Antique Armour Boutique.
  3853 | D:5      | Bought a bloodstained ring mail for 216 gold pieces
  3866 | D:5      | Identified the cursed +1 ring mail "Oleasex" {+Blink} (You bought it in a shop on level 5 of the Dungeon)
  3902 | D:5      | Found a deep blue altar of Sif Muna.
  4140 | D:5      | Found a shadowy altar of Dithmenos.
  4283 | D:5      | Reached skill level 5 in Maces & Flails
  4345 | D:5      | Found a staircase to the Ecumenical Temple.
  4364 | D:5      | Reached XP level 8. HP: 52/54 MP: 10/10
  4393 | Temple   | Entered the Ecumenical Temple
  4423 | Temple   | Became a worshipper of Kikubaaqudgha
  5021 | D:6      | Reached skill level 1 in Armour
  5584 | D:7      | Reached XP level 9. HP: 56/59 MP: 6/11
  5779 | D:7      | Found Yrisemm's Food Shop.
  5834 | D:8      | Found a sacrificial altar of Ru.
  5835 | D:8      | Noticed a two-headed ogre
  5936 | D:7      | Reached * piety under Kikubaaqudgha
  5936 | D:7      | Identified Kikubaaqudgha's Grimoire of Black Rituals (Kikubaaqudgha gifted it to you on level 7 of the Dungeon)
  5936 | D:7      | Received a gift from Kikubaaqudgha
  5940 | D:7      | Learned a level 1 spell: Animate Skeleton
  5944 | D:7      | Learned a level 3 spell: Vampiric Draining
  5947 | D:7      | Learned a level 2 spell: Corpse Rot
  5961 | D:8      | Reached skill level 1 in Necromancy
  6169 | D:5      | Bought a bloodstained leather armour for 168 gold pieces
  6180 | D:5      | Identified the +1 leather armour of the Hall of Blades {rElec rC- MR- Stlth+} (You bought it in a shop on level 5 of the Dungeon)
  6335 | D:8      | Noticed a two-headed ogre
  6346 | D:8      | Killed a two-headed ogre
  6434 | D:8      | Killed a two-headed ogre
  6434 | D:8      | Reached XP level 10. HP: 49/65 MP: 7/15
  6482 | D:8      | Found a sacrificial altar of Ru.
  6544 | D:8      | Noticed a two-headed ogre
  6577 | D:8      | Killed a two-headed ogre
  6577 | D:8      | Reached skill level 5 in Spellcasting
  6613 | D:8      | Learned a level 4 spell: Control Undead
  6703 | D:9      | Noticed a two-headed ogre
  6800 | D:9      | Noticed Grum
  6921 | D:9      | Found a hide-covered altar of Uskayaw.
  6923 | D:9      | Found a stormy altar of Qazlal.
  6946 | D:9      | Found Beovao's Bounteous Boutique.
  7048 | D:9      | Noticed a cyclops
  7117 | D:9      | Found a flagged portal.
  7122 | Bailey   | Entered a bailey
  7151 | Bailey   | Learned a level 1 spell: Pain
  7206 | Bailey   | Noticed Murumi's ghost (journeyman GrFi)
  7210 | Bailey   | Noticed an orc knight
  7276 | Bailey   | HP: 1/65 [orc warrior/spear (11)]
  7277 | Bailey   | Mangled by an orc warrior

Vault maps used:
D:1:      grunt_arrival_lava_bath, minmay_tree_intersection
D:2:      kennysheep_generic_room_5
D:3:      ashenzari_altar_1, nemelex_xobeh_ov_fountains_minmay, uniq_sigmund,
          uniq_natasha, uniq_grinder
D:5:      led_sif_book, minmay_temple_entry_glassed_door, first_bread,
          serial_shops, nicolae_shop_behind_doors,
          grunt_dithmenos_smoke_and_mirrors
D:6:      bloody_makhleb, minitemple, nicolae_tso_besieged_by_evil,
          uniq_menkaure
D:7:      serial_shops, shop, grunt_ogre_cave
D:8:      nicolae_ru_sacrificial_ziggurat, kennysheep_flooded_box,
          kennysheep_generic_room_9
D:9:      yredelemnul_forgotten_temple_becter,
          chequers_temple_overflow_statue_of_worship, vehumet_statue,
          enter_bailey_3, nicolae_alphabet_shops, solitary_fountain,
          uniq_prince_ribbit1, uniq_grum
Temple:   jpeg_temple_island
Bailey:   bailey_polearm_1, bailey

Skill      XL: |  1  2  3  4  5  6  7  8  9 10 |
---------------+-------------------------------+-----
Crossbows      | 2 3 5 |  5.2
Staves         | 1 |  1.0
Dodging        | 2 3 |  3.1
Maces & Flails | 3 5 7 |  7.0
Armour         | 3 |  3.4
Spellcasting   | 3 7 |  7.7
Necromancy     | 7 |  7.6
Fighting       | |  1.0
Hexes          | |  2.6
Evocations     | |  0.8

Action                   |  1- 3 |  4- 6 |  7- 9 | 10-12 || total
-------------------------+-------+-------+-------+-------++-------
Melee: Quarterstaff      |    37 |    33 |       |       ||    70
       Whip              |       |    39 |   274 |    97 ||   410
       Falchion          |       |    31 |       |       ||    31
 Fire: Hand crossbow     |    28 |    32 |    12 |    12 ||    84
 Cast: Corona            |    25 |    27 |    16 |       ||    68
       Slow              |       |     8 |    27 |       ||    35
       Animate Skeleton  |       |       |     4 |    16 ||    20
       Corpse Rot        |       |       |     2 |     7 ||     9
       Pain              |       |       |       |    17 ||    17
       Vampiric Draining |       |       |       |     3 ||     3
Invok: Receive Corpses   |       |       |     3 |     5 ||     8
Evoke: Wand              |       |       |       |     3 ||     3
  Use: Scroll            |     1 |    11 |     5 |     2 ||    19
Armor: Robe              |    14 |    16 |       |       ||    30
       Leather armour    |       |    10 |     2 |       ||    12
       Ring mail         |       |       |    75 |       ||    75
       Troll leather arm |       |       |     3 |    35 ||    38
Dodge: Dodged            |    33 |    80 |   144 |    98 ||   355
       Rpst.: Falchion   |       |     8 |       |       ||     8
